 Dungeon Crawl Stone Soup version 0.29-a0-700-g2f1814c (webtiles) character file.

Game seed: 16920127704559072755

2565 PurpleRed the Thaumaturge (level 9, -1/54 HPs)
             Began as a Deep Elf Brigand on June 25, 2022.
             Was an Initiate of Vehumet.
             Slain by a hornet (11 damage)
             ... on level 7 of the Dungeon.
             The game lasted 00:28:41 (3526 turns).

PurpleRed the Thaumaturge (Deep Elf Brigand)        Turns: 3526, Time: 00:28:41

Health: -1/54      AC:  5    Str:  8    XL:     9   Next: 31%
Magic:  26/26      EV: 17    Int: 21    God:    Vehumet [......]
Gold:   461        SH:  0    Dex: 16    Spells: 28/31 levels left

rFire   . . .      SeeInvis .   a - +2 dagger (elec)
rCold   . . .      Faith    .   (no shield)
rNeg    . . .      Spirit   .   f - +0 leather armour
rPois   .          Reflect  .   (no helmet)
rElec   .          Harm     .   t - +0 cloak
rCorr   +          Rampage  .   i - +0 pair of gloves
Will    .....                   (no boots)
Stlth   +++.......              (no amulet)
HPRegen 0.18/turn               p - +4 ring of evasion
MPRegen 0.20/turn               n - ring of resist corrosion

@: lethally poisoned (-1 -> -15), slowed, very slow
A: no striking features
a: Renounce Religion


You were on level 7 of the Dungeon.
You worshipped Vehumet.
Vehumet was noncommittal.
You visited 2 branches of the dungeon, and saw 9 of its levels.

You collected 461 gold pieces.

Inventory:

Hand Weapons
 a - a +2 dagger of electrocution (weapon)
 h - a +0 spear
 j - a +0 vorpal hunting sling
 l - a +0 war axe
 u - a +0 scythe
 x - a +5 mace
Missiles
 q - 3 poisoned darts (quivered)
Armour
 b - a +0 robe
 f - a +0 leather armour (worn)
 i - a +0 pair of gloves (worn)
 m - the +2 plate armour of Monotheism {rC+ Will+ Stlth+}
   (You found it on level 3 of the Dungeon)

   rC:        It protects you from cold.
   Will:      It increases your willpower.
   Stlth:     It makes you more stealthy.
 t - a +0 cloak (worn)
 w - a +0 ring mail
Magical Staves
 e - a staff of conjuration
Jewellery
 c - a ring of see invisible
 d - a ring of ice
 n - a ring of resist corrosion (right hand)
 p - a +4 ring of evasion (left hand)
Scrolls
 r - a scroll of magic mapping
 v - a scroll of fear
Potions
 g - 3 potions of curing
 k - a potion of mutation
 o - a potion of magic
 s - a potion of haste
 z - a potion of attraction {unknown}


   Skills:
 - Level 5.0 Fighting
 - Level 5.0 Short Blades
 - Level 2.0 Throwing
 - Level 5.0 Dodging
 - Level 4.8 Stealth
 + Level 11.6 Spellcasting
 - Level 3.0 Translocations


You had 28 spell levels left.
You knew the following spells:

 Your Spells              Type           Power      Damage    Failure   Level
a - Gell's Gravitas       Tloc           24%        N/A       7%          3

Your spell library contained the following spells:

 Spells                   Type           Power      Damage    Failure   Level
 Teleport Other           Tloc           24%        N/A       7%          3
 Dispersal                Tloc           12%        N/A       98%         6


Dungeon Overview and Level Annotations

Branches:
Dungeon (8/15)             Temple (1/1) D:7
   Lair: D:8-11

Altars:
Elyvilon
Fedhas
Okawaru
Ru
Sif Muna
Vehumet
Wu Jian
Xom
Yredelemnul
Zin
The Shining One

Annotations:
D:4 Blork the orc


Message History

You are poisoned.
You feel yourself slow down.
You feel better.
You feel yourself speed up. The hornet misses you.
The hornet barely misses you.
You miss the hornet. The hornet closely misses you.
You hit the hornet. Lightning courses through the hornet!
The hornet is heavily wounded.
The hornet stings you but does no damage.
You hit the hornet.
The hornet is severely wounded.
The hornet completely misses you.
You closely miss the hornet.
The hornet is severely wounded.
The hornet stings you!
You feel yourself slow down. The hornet barely misses you.
You hit the hornet but do no damage.
The hornet is severely wounded.
The hornet misses you.
You closely miss the hornet.
The hornet is severely wounded.
The hornet completely misses you. The hornet barely misses you.
You hit the hornet.
The hornet is severely wounded.
The hornet barely misses you.
You barely miss the hornet.
The hornet is severely wounded.
You feel yourself speed up. The hornet stings you!
You are poisoned.
You feel yourself slow down. The hornet stings you!
* * * LOW HITPOINT WARNING * * *
You are lethally poisoned!
You feel as though you will be slow longer.
You closely miss the hornet.
The hornet is severely wounded.
* * * LOW HITPOINT WARNING * * *
You feel very sick. The hornet barely misses you. The hornet stings you!
You die...

##....... #
#.........
..#####......... .
#............# #.
##[..........# ##..
#...........# ###...
#..........# ##.....
#...y@.....# ##......
##........##
##....... #........#
##........
##......####.........
##....#.##..........
##..##..#..........
######............
##...........
#............


You could see a hornet.

Vanquished Creatures
  Sigmund (D:5)
  A wyvern (D:6)
  A water moccasin (D:6)
  An orc warrior (D:7)
  A sky beast (D:7)
  2 ice beasts (D:5)
  2 ogres
  3 phantoms
  3 necrophages
  A bullfrog (D:6)
  2 scorpions
  5 wights (D:6)
  2 howler monkeys
  2 jellies
  An orc priest (D:4)
  9 hounds
  A gnoll shaman (D:5)
  5 iguanas
  8 gnolls
  4 adders
  A white imp (D:6)
  2 ufetubi
  5 orcs
  A ball python (D:1)
  6 bats
  2 endoplasms
  5 goblins
  4 hobgoblins
  3 quokkas
  2 frilled lizards (D:2)
  5 kobolds
  2 rats
93 creatures vanquished.

Vanquished Creatures (others)
  13 fungi (D:8)
  9 plants (D:8)
22 creatures vanquished.

Grand Total: 115 creatures vanquished

Notes
Turn   | Place    | Note
-------+----------+-------------------------------------------
     0 | D:1      | PurpleRed the Deep Elf Brigand began the quest for the Orb.
     0 | D:1      | Reached XP level 1. HP: 12/12 MP: 3/3
    83 | D:1      | Reached skill level 1 in Spellcasting
   164 | D:1      | Reached XP level 2. HP: 14/17 MP: 4/6
   325 | D:2      | Reached skill level 2 in Spellcasting
   610 | D:3      | Found a faded altar of an unknown god.
   683 | D:4      | Reached XP level 3. HP: 22/22 MP: 8/8
   709 | D:4      | Reached skill level 3 in Spellcasting
   764 | D:5      | Entered Level 5 of the Dungeon
   789 | D:4      | Noticed a phantom
   789 | D:4      | Noticed a scorpion
   795 | D:4      | Killed a scorpion
   796 | D:4      | Reached skill level 4 in Spellcasting
   796 | D:4      | Reached XP level 4. HP: 28/28 MP: 10/12
   826 | D:4      | Killed a phantom
   827 | D:4      | Reached XP level 5. HP: 10/32 MP: 14/14
  1018 | D:3      | Identified the +2 plate armour of Monotheism {rC+ Will+
                  | Stlth+}
  1068 | D:4      | Reached skill level 5 in Spellcasting
  1156 | D:4      | Reached XP level 6. HP: 26/38 MP: 16/16
  1173 | D:4      | Noticed Blork the orc
  1251 | D:5      | Reached skill level 6 in Spellcasting
  1292 | D:6      | Noticed a wyvern
  1301 | D:6      | Killed a wyvern
  1302 | D:6      | Reached XP level 7. HP: 14/44 MP: 19/19
  1356 | D:5      | Reached skill level 7 in Spellcasting
  1417 | D:6      | Reached skill level 5 in Fighting
  1467 | D:6      | Reached skill level 8 in Spellcasting
  1615 | D:5      | Noticed Sigmund
  1632 | D:5      | Reached skill level 9 in Spellcasting
  1676 | D:5      | Reached XP level 8. HP: 20/49 MP: 21/23
  1726 | D:5      | Found a shimmering blue altar of Sif Muna.
  1728 | D:5      | Found a basalt altar of Yredelemnul.
  1730 | D:5      | Found a blossoming altar of Fedhas.
  1732 | D:5      | Found a glowing silver altar of Zin.
  1732 | D:5      | Found an iron altar of Okawaru.
  1732 | D:5      | Found a glowing golden altar of the Shining One.
  1801 | D:5      | Killed Sigmund
  1979 | D:4      | Found an ornate altar of the Wu Jian Council.
  2191 | D:5      | Reached skill level 10 in Spellcasting
  2508 | D:7      | Found a staircase to the Ecumenical Temple.
  2515 | Temple   | Entered the Ecumenical Temple
  2585 | Temple   | Became a worshipper of Vehumet
  2781 | D:6      | Learned a level 3 spell: Gell's Gravitas
  2817 | D:6      | Reached skill level 1 in Translocations
  2868 | D:6      | Reached XP level 9. HP: 32/54 MP: 25/25
  2904 | D:6      | Reached skill level 11 in Spellcasting
  2930 | D:6      | Reached skill level 5 in Dodging
  3416 | D:7      | Reached skill level 5 in Short Blades
  3526 | D:7      | Slain by a hornet

Illustrated notes

Levels and vault maps discovered:
D:1:      dpeg_arrival_boxes_within_box, layout_basic, minmay_tripent
D:2:      layout_loops_ring, minmay_tiny_reverse_x
D:3:      layout_basic, nicolae_ecumenical_oubliette, grunt_decor_fettered
D:4:      layout_layer_cave, kennysheep_mini_moat, uniq_blork_the_orc
D:5:      layout_basic, minitemple, kennysheep_generic_room_14, uniq_sigmund
D:6:      kennysheep_six_static_rooms, layout_rooms, serial_curves,
          eino_curves_03, eino_curves_02
D:7:      layout_cave_pods, minmay_temple_entry_wispy, grunt_tough_drop
D:8:      layout_cave_pods, lightli_temple_of_fire, due_lair_maze_entry_diamond,
          serial_shops, shop, dreamdust_princess_corridor, st_stairs_4,
          kennysheep_nondescript, dk_noncrumbling_3, uniq_erica
Temple:   minmay_temple_forest_path

Skill      XL: |  1  2  3  4  5  6  7  8  9 |
---------------+----------------------------+-----
Spellcasting   | 1 2 4 5 6 9 10 11 | 11.6
Fighting       | 2 3 4 5 |  5.0
Dodging        | 4 5 |  5.0
Short Blades   | 4 5 |  5.0
Translocations | 1 3 |  3.0
Throwing       | |  2.0
Stealth        | |  4.8

Action                   |  1- 3 |  4- 6 |  7- 9 || total
-------------------------+-------+-------+-------++-------
Melee: Dagger            |    39 |    53 |   243 ||   335
       Punch             |       |     1 |     1 ||     2
       Mace              |       |       |     4 ||     4
 Fire: Hunting sling     |       |       |     2 ||     2
Throw: Dart              |    35 |    15 |    22 ||    72
Evoke: Wand              |     1 |     4 |       ||     5
  Use: Scroll            |     5 |     4 |     4 ||    13
       Potion            |       |     6 |     7 ||    13
 Stab: Sleeping          |     3 |     2 |     5 ||    10
Armor: Leather armour    |    14 |     5 |    29 ||    48
       Skin              |       |     5 |       ||     5
Dodge: Dodged            |    24 |    27 |   151 ||   202

Table legend: (Time is in decaauts)
 A = Elapsed time spent in this place.
 B = Non-inter-level travel time spent in this place.
 C = Inter-level travel time spent in this place.
 D = Time resting spent in this place.
 E = Time spent auto-exploring this place.
 F = Levels seen in this place.
 G = Mean time per level.
                   A        B        C        D        E       F      G
               +--------+--------+--------+--------+--------+-----+--------+
         Total |   3456 |   3248 |    208 |      0 |     41 |   9 |  384.0 |
       Dungeon |   3346 |   3176 |    170 |      0 |      0 |   8 |  418.2 |
        Temple |    109 |     71 |     38 |      0 |     41 |   1 |  109.0 |
               +--------+--------+--------+--------+--------+-----+--------+

Top non-repeatable levels by time:
     D:5: 726 daAuts
     D:6: 679 daAuts
     D:4: 635 daAuts
     D:7: 506 daAuts
     D:2: 269 daAuts
     D:3: 259 daAuts
     D:1: 242 daAuts
  Temple: 109 daAuts
     D:8: 26 daAuts
